 Dungeon Crawl Stone Soup version 0.30-a0-242-g7bf8e6d787 (webtiles) character file.

Game seed: 17217629397912610283

4221 koil the Covert (level 10, -2/48 HPs)
             Began as a Spriggan Enchanter on Oct 11, 2022.
             Was a Priest of Okawaru.
             Succumbed to a hornet's poison
             ... on level 9 of the Dungeon.
             The game lasted 00:36:26 (8336 turns).

koil the Covert (Spriggan Enchanter)                Turns: 8336, Time: 00:36:26

Health: -2/48      AC:  3    Str:  2    XL:     10   Next: 9%
Magic:  21/21      EV: 22    Int: 20    God:    Okawaru [***...]
Gold:   422        SH:  0    Dex: 26    Spells: 18/23 levels left

rFire   . . .      SeeInvis +    a - +3 dagger of the Curious Wonders {vorpal, rC+++ Str-2 Int-3 Stlth+}
rCold   + + +      Faith    .    (no shield)
rNeg    . . .      Spirit   .    b - +1 robe
rPois   .          Reflect  .    (helmet restricted)
rElec   .          Harm     .    (no cloak)
rCorr   .          Rampage  .    (gloves unavailable)
Will    +....                    (boots unavailable)
Stlth   +++++++...               (no amulet)
HPRegen 0.28/turn                i - +6 ring of dexterity
MPRegen 0.17/turn                G - +6 ring of intelligence

@: lethally poisoned (-2 -> -18), slowed, quick
A: very small, no large weapons, unfitting armour, see invisible, speed 3
a: Renounce Religion, Heroism


You were on level 9 of the Dungeon.
You worshipped Okawaru.
Okawaru was most pleased with you.
You visited 2 branches of the dungeon, and saw 10 of its levels.

You collected 486 gold pieces.
You spent 64 gold pieces at shops.

Inventory:

Hand Weapons
 a - the +3 dagger of the Curious Wonders (weapon) {vorpal, rC+++ Str-2 Int-3 Stlth+}
   (You found it on level 5 of the Dungeon)

   It inflicts extra damage upon your enemies.
   Str:       It affects your strength (-2).
   Int:       It affects your intelligence (-3).
   rC:        It renders you almost immune to cold.
   Stlth:     It makes you more stealthy.
 f - a +2 spear of venom
 j - a +1 spear of freezing
 r - a +1 antimagic short sword
 y - a +1 dagger of venom
 B - a +4 short sword of freezing
 D - a +2 short sword of venom
 H - a +3 hand axe
 P - the +8 long sword of Neurosis {vorpal, rF+ Will+ Str+6 Int+2}
   (You found it on level 6 of the Dungeon)

   It inflicts extra damage upon your enemies.
   Str:       It affects your strength (+6).
   Int:       It affects your intelligence (+2).
   rF:        It protects you from fire.
   Will:      It increases your willpower.
Missiles
 h - 5 throwing nets (quivered)
 z - a curare-tipped dart
 L - 32 poisoned darts
Armour
 b - a +1 robe (worn)
 k - the +18 Lear's hauberk
   (You found it on level 6 of the Dungeon)
Jewellery
 i - a +6 ring of dexterity (left hand)
 x - a ring of wizardry
 G - a +6 ring of intelligence (right hand)
 O - a +6 ring of dexterity
Wands
 t - a wand of roots (3)
 C - a wand of digging (13)
 F - a wand of quicksilver (4)
Scrolls
 e - a scroll of silence
 l - 2 scrolls of summoning
 m - 2 scrolls of enchant weapon
 n - 3 scrolls of magic mapping
 q - a scroll of fear
 s - 2 scrolls of teleportation
 u - 3 scrolls of enchant armour
 v - a scroll of blinking
 A - a scroll of poison
 E - a scroll of amnesia
 I - a scroll of identify
Potions
 c - 2 potions of invisibility
 d - 3 potions of magic
 g - 10 potions of curing
 o - 2 potions of brilliance
 p - a potion of cancellation
 w - 2 potions of haste
 J - a potion of flight
 K - a potion of might


   Skills:
 + Level 2.9 Fighting
 + Level 6.4 Short Blades
 + Level 5.2 Dodging
 + Level 13.9 Stealth
 + Level 7.1 Spellcasting
 + Level 7.4 Hexes
 + Level 3.4 Ice Magic


You had 18 spell levels left.
You knew the following spells:

 Your Spells              Type           Power      Damage    Failure   Level
a - Ensorcelled Hibernat  Hex/Ice        56%        N/A       1%          2
b - Confusing Touch       Hex            36%        N/A       1%          3

Your spell library contained the following spells:

 Spells                   Type           Power      Damage    Failure   Level
 Dazzling Flash           Conj/Hex       42%        N/A       6%          3
 Manifold Assault         Tloc           7%         N/A       67%         4
 Alistair's Intoxication  Tmut/Pois      4%         N/A       95%         5
 Blade Hands              Tmut           3%         N/A       95%         5
 Eringya's Noxious Bog    Tmut/Pois      3%         N/A       100%        6
 Iron Shot                Conj/Erth      3%         9d2       100%        6
 Tukima's Dance           Hex            Unusable   N/A       N/A         3
 Animate Armour           Summ/Erth      Unusable   N/A       N/A         4
 Summon Forest            Summ/Tloc      Unusable   N/A       N/A         5

Dungeon Overview and Level Annotations

Branches:
Dungeon (9/15)             Temple (1/1) D:6
   Lair: D:8-11         Orc: D:9-12

Altars:
Ashenzari
Cheibriados
Dithmenos
Elyvilon
Fedhas
Gozag
Hepliaklqana
Makhleb
Nemelex Xobeh
Okawaru
Qazlal
Ru
Sif Muna
Trog
Vehumet
Wu Jian
Xom
Yredelemnul
Zin
The Shining One

Shops:
D:2 *   D:6 (   D:7 :

Annotations:
D:9 3 runed translucent doors, Girdio's ghost, novice DsFi


Innate Abilities, Weirdness & Mutations

You are very small and have problems with some larger weapons.
You are too small for most types of armour.
You have supernaturally acute eyesight. (SInv)
You cover ground extremely quickly. (Speed+++)


Message History

Found 15 gold pieces.
The helpless wyvern fails to defend itself.
You skewer the wyvern like a kebab!!!!
You kill the wyvern!
Okawaru accepts your kill.
Okawaru will now gift you throwing weapons as you gain piety.
You now have 382 gold pieces (gained 17).
You now have 397 gold pieces (gained 15).
You now have 411 gold pieces (gained 14).
The orc suddenly yells, in orcish tradition.
You now have 422 gold pieces (gained 11).
u - 3 scrolls of enchant armour (gained 1)
You open the door.
A hornet and a two-headed ogre come into view.
The hornet buzzes angrily.
There is an open door here.
The two-headed ogre shouts in stereo!
The hornet stings you!
You are poisoned.
You suddenly lose the ability to move!
You feel sick. The hornet stings you.
You are more poisoned.
You feel yourself slow down.
You can move again.
You feel very sick. The hornet closely misses you.
There is an open door here.
You feel very sick. The hornet misses you.
There's a creature in the doorway!
You feel yourself speed up.
You feel very sick. The hornet stings you.
You are more poisoned.
You feel yourself slow down.
You feel very sick. The hornet stings you!
* * * LOW HITPOINT WARNING * * *
You feel as though you will be slow longer.
You die...

...##......#..##..#
...##......#..##..#
...##......#..##..#####.
#..##......#..##........
#..........#.....#######
#...8########....O.....#
.....#ho... #.##y#.....#
.....#Wo##o
#.##.#............
..#..#oo#8.
#.##@########.....
..#..#..##. #....# ..##
..#..#.#..o #....# ##
#.#..+.#... #....#
.....+.#.8. #....#
..#..+.#W$. #.##.#
..#..#.#.oo #. ..#
..#..#..##. #. ..#
..#..#..#8


You could see a two-headed ogre and a hornet.

Vanquished Creatures
  A troll (D:6)
  A hornet (D:7)
  A wyvern (D:9)
  4 yaks
  A steam dragon (D:8)
  3 ice beasts
  A black bear (D:5)
  3 sky beasts
  4 ogres
  2 centaurs
  2 kobold brigands
  A phantom (D:6)
  4 bullfrogs
  4 gnoll sergeants
  A necrophage (D:7)
  3 scorpions
  3 wights (D:8)
  A howler monkey (D:6)
  2 jellies
  A gnoll bouda (D:7)
  2 hounds
  An orc priest (D:6)
  3 iguanas
  3 orc wizards (D:6)
  A mummy (D:8)
  15 gnolls
  7 adders
  3 shadow imps
  A white imp (D:8)
  An ufetubus (D:6)
  4 dart slugs
  18 orcs
  8 endoplasms
  5 giant cockroaches
  4 goblins
  8 hobgoblins
  3 quokkas
  2 ball pythons
  2 bats (D:1)
  2 frilled lizards (D:1)
  2 hobgoblin zombies (D:8)
  17 kobolds
  A kobold zombie (D:8)
  An orc zombie (D:8)
  5 rats
162 creatures vanquished.

Notes
Turn   | Place    | Note
-------+----------+-------------------------------------------
     0 | D:1      | koil the Spriggan Enchanter began the quest for the Orb.
     0 | D:1      | Reached XP level 1. HP: 9/9 MP: 5/5
   185 | D:1      | Reached XP level 2. HP: 13/13 MP: 6/6
   188 | D:1      | Learned a level 2 spell: Ensorcelled Hibernation
   745 | D:1      | Reached skill level 5 in Stealth
   838 | D:2      | Reached XP level 3. HP: 16/16 MP: 8/8
  1694 | D:2      | Found Vokusu's Assorted Antiques.
  1700 | D:2      | Bought a bone wand for 64 gold pieces
  1813 | D:3      | Learned a level 3 spell: Confusing Touch
  1931 | D:3      | Reached skill level 6 in Stealth
  1931 | D:3      | Reached XP level 4. HP: 9/21 MP: 9/9
  2086 | D:3      | Found a basalt altar of Yredelemnul.
  2211 | D:3      | Found a radiant altar of Vehumet.
  2328 | D:4      | Noticed an ogre
  2337 | D:4      | Killed an ogre
  2338 | D:4      | Reached skill level 7 in Stealth
  2338 | D:4      | Reached XP level 5. HP: 25/25 MP: 5/11
  3069 | D:5      | Entered Level 5 of the Dungeon
  3080 | D:5      | Got Sif Muna's Papyrus of Displacement and Vitiation
  3142 | D:5      | Identified the +3 dagger of the Curious Wonders {vorpal,
                  | rC+++ Str-2 Int-3 Stlth+}
  3189 | D:5      | Noticed a centaur
  3192 | D:5      | Noticed an ogre
  3193 | D:5      | Noticed an ice beast
  3194 | D:5      | Noticed a yak
  3208 | D:5      | Found a stormy altar of Qazlal.
  3247 | D:5      | Killed an ice beast
  3248 | D:5      | Reached XP level 6. HP: 26/29 MP: 8/12
  3296 | D:5      | Killed a yak
  3297 | D:5      | Reached skill level 1 in Fighting
  3297 | D:5      | Reached skill level 8 in Stealth
  3338 | D:5      | Reached XP level 7. HP: 16/33 MP: 11/14
  3582 | D:5      | Reached skill level 9 in Stealth
  3582 | D:5      | Reached skill level 1 in Ice Magic
  3914 | D:5      | Reached skill level 5 in Short Blades
  3914 | D:5      | Reached skill level 5 in Hexes
  3914 | D:5      | Reached XP level 8. HP: 37/37 MP: 15/15
  4161 | D:6      | Noticed a troll
  4165 | D:6      | Reached skill level 10 in Stealth
  4169 | D:6      | Killed a troll
  4254 | D:6      | Reached skill level 5 in Spellcasting
  4258 | D:6      | Found a sparkling altar of Nemelex Xobeh.
  4259 | D:6      | Found an iron altar of Okawaru.
  4264 | D:6      | Became a worshipper of Warmaster Okawaru
  4288 | D:6      | Identified the +2 leather armour of Masochism {Rampage rC-
                  | rCorr SInv}
  4298 | D:6      | Reached skill level 11 in Stealth
  4373 | D:6      | Identified the +8 long sword of Neurosis {vorpal, rF+ Will+
                  | Str+6 Int+2}
  4465 | D:6      | Found a staircase to the Ecumenical Temple.
  4613 | Temple   | Entered the Ecumenical Temple
  4786 | D:6      | Reached * piety under Okawaru
  4787 | D:6      | Reached skill level 5 in Dodging
  4787 | D:6      | Reached XP level 9. HP: 35/42 MP: 10/18
  4868 | D:6      | Reached skill level 12 in Stealth
  5101 | D:6      | Found a sacrificial altar of Ru.
  5158 | D:6      | Found Uhutz's Weapon Shop.
  5311 | D:6      | Found the +18 Lear's hauberk
  5436 | D:7      | Found a shimmering altar of Xom.
  5891 | D:7      | Found Diteab's Book Shop.
  6149 | D:7      | Reached skill level 13 in Stealth
  6230 | D:7      | Found an opulent altar of Gozag.
  6265 | D:7      | Found an ornate altar of the Wu Jian Council.
  6676 | D:8      | Reached ** piety under Okawaru
  7114 | D:8      | Reached XP level 10. HP: 48/48 MP: 21/21
  8237 | D:9      | Found a runed translucent gate.
  8237 | D:9      | Found a runed translucent gate.
  8237 | D:9      | Noticed Girdio's ghost (novice DsFi)
  8238 | D:9      | Found a runed translucent gate.
  8247 | D:9      | Reached *** piety under Okawaru
  8321 | D:9      | Noticed a two-headed ogre
  8330 | D:9      | Paralysed by a hornet for 1 turns
  8335 | D:9      | HP: 2/48 [hornet (16)]
  8336 | D:9      | Succumbed to a hornet's poison

Illustrated notes

Levels and vault maps discovered:
D:1:      noname_arrival_rooms_in_the_neighbourhood, layout_basic,
          minmay_pentomino_x4
D:2:      layout_basic, serial_shops, nicolae_shop_crystal,
          minmay_worlds_worst_comb
D:3:      layout_rooms, general_overflow_altar, mainiacjoe_overflow_paths
D:4:      layout_basic, kennysheep_generic_room_12
D:5:      layout_cave_pods, nicolae_qazlal_scattered_showers,
          minmay_chambers_of_fives
D:6:      layout_gridville, nicolae_ru_the_path_less_chosen, minitemple,
          minmay_temple_entry_antechambers, serial_shops, shop,
          hellmonk_guarded_unrand_lears
D:7:      layout_loops_ring, mainiacjoe_overflow_two_lobes, serial_shops,
          kennysheep_little_box, minmay_ruined_shrine
D:8:      wad_pebble_path, layout_layer_cave, minmay_mini_ossuary
D:9:      layout_stronghold, biasface_ghost_orc_armoury
Temple:   compressed_dpeg_triangle_lava_temple

Skill      XL: |  1  2  3  4  5  6  7  8  9 |
---------------+----------------------------+-----
Hexes          | 4 5 7 |  7.4
Spellcasting   | 3 4 5 7 |  7.1
Dodging        | 3 4 5 |  5.2
Stealth        | 5 6 7 8 9 11 13 | 13.9
Short Blades   | 2 3 4 5 6 |  6.4
Fighting       | 1 2 |  2.9
Ice Magic      | 1 3 |  3.4

Action                   |  1- 3 |  4- 6 |  7- 9 | 10-12 || total
-------------------------+-------+-------+-------+-------++-------
Melee: Dagger            |   121 |    39 |   177 |    40 ||   377
       Short sword       |       |    19 |       |       ||    19
       Punch             |       |     2 |     3 |       ||     5
 Cast: Ensorcelled Hiber |     2 |     6 |    78 |       ||    86
       Confusing Touch   |     1 |       |     6 |       ||     7
  Use: Scroll            |       |       |    17 |     3 ||    20
       Potion            |       |       |     5 |       ||     5
 Stab: Sleeping          |    18 |    12 |    59 |     5 ||    94
       Confused          |     1 |       |     5 |       ||     6
       Distracted        |       |       |     2 |     1 ||     3
Armor: Robe              |     5 |     4 |     3 |     3 ||    15
Dodge: Dodged            |    77 |    39 |   131 |    12 ||   259

Table legend: (Time is in decaauts)
 A = Elapsed time spent in this place.
 B = Non-inter-level travel time spent in this place.
 C = Inter-level travel time spent in this place.
 D = Time resting spent in this place.
 E = Time spent auto-exploring this place.
 F = Levels seen in this place.
 G = Mean time per level.
                   A        B        C        D        E       F      G
               +--------+--------+--------+--------+--------+-----+--------+
         Total |   5781 |   5632 |    149 |    463 |   4018 |  10 |  578.1 |
       Dungeon |   5647 |   5503 |    144 |    401 |   4018 |   9 |  627.4 |
        Temple |    134 |    130 |      4 |     62 |      0 |   1 |  134.0 |
               +--------+--------+--------+--------+--------+-----+--------+

Top non-repeatable levels by time:
     D:8: 1248 daAuts
     D:6: 826 daAuts
     D:5: 725 daAuts
     D:7: 707 daAuts
     D:2: 623 daAuts
     D:1: 534 daAuts
     D:4: 483 daAuts
     D:3: 396 daAuts
  Temple: 134 daAuts
     D:9: 102 daAuts
